 Dungeon Crawl Stone Soup version 0.26.1-2-gb8aa6d0cf2 (webtiles) character file.

Game seed: 17379474414221302802

544 Chiseanne the Conjurer (level 7, 46/46 HPs)
             Began as a Demonspawn Hedge Wizard on Mar 30, 2021.
             Quit the game on level 5 of the Dungeon.
             The game lasted 00:10:57 (5151 turns).

Chiseanne the Conjurer (Demonspawn Hedge Wizard)    Turns: 5151, Time: 00:10:58

Health: 46/46      AC:  8    Str: 10    XL:     7   Next: 6%
Magic:  10/13      EV: 12    Int: 18    God:
Gold:   258        SH:  0    Dex: 15    Spells: 8/14 levels left

rFire    + . .     SeeInvis .   a - +5 short sword "Yhonael" {vorpal, rF+ Dex+3}
rCold    . . .     Faith    .   (no shield)
rNeg     . . .     Spirit   .   b - +1 robe
rPois    .         Reflect  .   (helmet restricted)
rElec    .         Harm     .   i - +1 cloak
rCorr    .         Rampage  .   j - +2 pair of gloves
Will     .....                  (no boots)
Stlth    ++........             (no amulet)
HPRegen  0.15/turn              (no ring)
MPRegen  0.13/turn              (no ring)

@: no status effects
A: antennae 1, powered by pain 3, sanguine armour 1
a: no special abilities


You were on level 5 of the Dungeon.
You visited 1 branch of the dungeon, and saw 5 of its levels.

You collected 258 gold pieces.

Inventory:

Hand Weapons
 a - the +5 short sword "Yhonael" (weapon) {vorpal, rF+ Dex+3}
   (You found it on level 4 of the Dungeon)

   It inflicts extra damage upon your enemies.
   It affects your dexterity (+3).
   It protects you from fire.
 s - a +3 quarterstaff of chaos
 w - a +0 hunting sling
Missiles
 c - 83 sling bullets
 d - 25 arrows
 h - 2 javelins
 k - 16 bolts
 m - 14 poisoned darts (quivered)
Armour
 b - a +1 robe (worn)
 i - a +1 cloak (worn)
 j - a +2 pair of gloves (worn)
 p - a +0 helmet
Scrolls
 f - a scroll of identify
 g - 2 scrolls of fog
 l - a scroll of teleportation
Potions
 e - a potion of flight
 n - a potion of curing
 o - 2 potions of invisibility
 q - a potion of lignification {unknown}
 r - a potion of magic {unknown}


   Skills:
 - Level 1.7 Dodging
 - Level 1.7 Stealth
 - Level 4.2 Spellcasting
 * Level 5.2 Conjurations
 - Level 1.0 Summonings
 - Level 0.8 Translocations
 * Level 3.5 Air Magic


You had 8 spell levels left.
You knew the following spells:

 Your Spells              Type           Power        Failure   Level
a - Magic Dart            Conj           88%          1%          1
b - Blink                 Tloc           N/A          16%         2
d - Mephitic Cloud        Conj/Pois/Air  14%          13%         3

Your spell library contained the following spells:

 Spells                   Type           Power        Failure   Level
 Call Imp                 Summ           7%           14%         2
 Conjure Flame            Conj/Fire      13%          14%         3
 Slow                     Hex            3%           22%         2


Dungeon Overview and Level Annotations

Branches:
Dungeon (5/15)
 Temple: D:4-7

Altars:
Okawaru

Annotations:
D:3 Robin
D:4 1 runed translucent door, Almogavar's ghost, amateur MiBe


Innate Abilities, Weirdness & Mutations

You have a pair of small antennae on your head.
You are powered by pain.
When seriously injured, your bleeding wounds create armour. (AC +0)


Message History

The howler monkey hoots and howls with incredible vigour!
The howler monkey hits you but does no damage.
You barely miss the howler monkey. The howler monkey closely misses you.
You hit the howler monkey.
The howler monkey is moderately wounded.
The howler monkey hoots and howls with incredible vigour!
You closely miss the howler monkey.
The howler monkey is moderately wounded.
The howler monkey hits you but does no damage.
The howler monkey barely misses you.
You puncture the howler monkey!
The howler monkey is severely wounded.
The howler monkey misses you.
You puncture the howler monkey!
You kill the howler monkey!
You have reached level 7!
Your demonic ancestry asserts itself...
A pair of antennae grows on your head!
Your +0 helmet falls away!
Are you sure you want to abandon this character and quit the game? (Confirm with "yes".)

.# #.#.. ..#
..####.#.### #.#
...........# #.#
.......#.#.# #.#
.##....#.#.# #.#
...<†..#.#.###.#
#.........#
#.###....## #. #@#
###..# #. #†#
###..# #.
#.###.#..# #.
#........#########
'.................
####.....######...
#...### #..#. ##.#
#.### #. #..#.


There were no monsters in sight!

Vanquished Creatures
  An ogre (D:4)
  2 scorpions
  2 howler monkeys
  Crazy Yiuf (D:2)
  A centaur skeleton (D:4)
  An iguana (D:4)
  An orc wizard (D:5)
  A worker ant (D:4)
  5 adders
  An ooze (D:1)
  An adder skeleton (D:5)
  A worm (D:2)
  2 dart slugs (D:2)
  8 leopard geckos
  7 orcs
  6 bats
  2 giant cockroaches
  13 goblins
  13 hobgoblins
  3 jackals
  2 quokkas (D:2)
  A ball python (D:1)
  3 frilled lizards
  3 kobolds
  8 rats
89 creatures vanquished.

Notes
Turn   | Place    | Note
-------+----------+-------------------------------------------
     0 | D:1      | Chiseanne the Demonspawn Hedge Wizard began the quest for
                  | the Orb.
     0 | D:1      | Reached XP level 1. HP: 13/13 MP: 4/4
   468 | D:1      | Gained mutation: You sometimes gain a little power by
                  | taking damage. [demonic ancestry]
   468 | D:1      | Reached XP level 2. HP: 19/19 MP: 3/6
   582 | D:1      | Reached skill level 2 in Conjurations
   937 | D:1      | Gained mutation: You sometimes gain power by taking damage.
                  | [demonic ancestry]
   937 | D:1      | Reached XP level 3. HP: 19/24 MP: 0/8
  2180 | D:2      | Gained mutation: You are powered by pain. [demonic
                  | ancestry]
  2180 | D:2      | Reached XP level 4. HP: 25/30 MP: 2/9
  2428 | D:2      | Found a runed translucent door.
  2437 | D:2      | Noticed Crazy Yiuf
  2443 | D:2      | Killed Crazy Yiuf
  2444 | D:2      | Reached skill level 3 in Conjurations
  2753 | D:3      | Noticed an orc warrior
  2754 | D:3      | Noticed Robin
  3057 | D:2      | Learned a level 2 spell: Blink
  3061 | D:2      | Learned a level 3 spell: Mephitic Cloud
  3570 | D:3      | Noticed a water moccasin
  3809 | D:2      | Reached XP level 5. HP: 35/35 MP: 11/11
  4103 | D:4      | Found an iron altar of Okawaru.
  4112 | D:4      | Reached skill level 1 in Air Magic
  4217 | D:4      | Got a glimmering short sword
  4246 | D:4      | Identified the +5 short sword "Yhonael" {vorpal, rF+ Dex+3}
                  | (You found it on level 4 of the Dungeon)
  4282 | D:4      | Reached skill level 4 in Conjurations
  4302 | D:4      | Gained mutation: When seriously injured, your bleeding
                  | wounds create armour. (AC +0) [demonic ancestry]
  4302 | D:4      | Reached XP level 6. HP: 33/41 MP: 3/12
  4417 | D:4      | Noticed Almogavar's ghost (amateur MiBe)
  4421 | D:4      | Found a runed translucent door.
  4873 | D:5      | Entered Level 5 of the Dungeon
  4896 | D:5      | Reached skill level 5 in Conjurations
  5151 | D:5      | Gained mutation: You have a pair of small antennae on your
                  | head. [demonic ancestry]
  5151 | D:5      | Reached XP level 7. HP: 46/46 MP: 10/13
  5151 | D:5      | Quit the game

Illustrated notes

Levels and vault maps discovered:
D:1:      minmay_arrival_stair_chambers, layout_rooms, minmay_split_cup_large
D:2:      layout_loops_ring, uniq_crazy_yiuf_cottage
D:3:      layout_basic, overflow_temple_1_default, marbit_many_paths,
          chequers_ecumenical_altar_grove, uniq_robin
D:4:      layout_basic, hellmonk_ghost_happy_afterlife,
          okawaru_metal_pillars_1_2
D:5:      layout_loops_corners, old_standard_altar, grunt_temple_overflow_open,
          yredelemnul_altar_generic, uniq_duvessa

Skill      XL: |  1  2  3  4  5  6 |
---------------+-------------------+-----
Conjurations   | 2 3 4 5 |  5.2
Spellcasting   | 4 |  4.2
Air Magic      | 2 3 |  3.5
Dodging        | |  1.7
Stealth        | |  1.7
Summonings     | |  1.0
Translocations | |  0.8

Action                   |  1- 3 |  4- 6 |  7- 9 || total
-------------------------+-------+-------+-------++-------
Melee: Dagger            |    41 |       |       ||    41
       Short sword       |     3 |    29 |       ||    32
       Quarterstaff      |       |    20 |       ||    20
Throw: Dart              |       |     9 |       ||     9
 Cast: Magic Dart        |   103 |    97 |       ||   200
       Blink             |       |     1 |       ||     1
       Mephitic Cloud    |       |     6 |       ||     6
  Use: Scroll            |     4 |     9 |       ||    13
       Potion            |       |     2 |       ||     2
 Stab: Confused          |       |     1 |       ||     1
Armor: Robe              |     7 |    23 |       ||    30
Dodge: Dodged            |    47 |    47 |       ||    94
